[Event "Titled Tuesday Blitz March 28 Late 2023"]
[White "Wang, Alexander J"]
[Black "Papayan, Oleg"]
[WhiteFideId "30955270"]
[BlackFideId "4193911"]
[WhiteElo "2302"]
[BlackElo "2153"]
[Result "0-1"]
[Round "04"]
[TimeControl "180+2"]
[Date "2023.03.28"]
[WhiteClock "0:01:03"]
[BlackClock "0:00:07"]

1. e4 d5 2. exd5 Qxd5 3. Nc3 Qa5 4. Nf3 Nf6 5. d4 Bf5 6. Be2 e6 7. O-O Nc6 8. h3 O-O-O 9. Bf4 Bb4 10. Qd2 Ne4 11. Qe3 Nxc3 12. bxc3 Bxc3 13. Rad1 Bxc2 14. Rc1 Nxd4 15. Nxd4 Bxd4 16. Qg3 e5 17. Bg4+ f5 18. Rxc2 exf4 19. Bxf5+ Qxf5 20. Qb3 Bb6 21. a4 f3 22. g3 Qxh3 23. Qxf3 Rhf8 24. Qg2 Qxg2+ 25. Kxg2 Rd4 26. Re2 Rxa4 27. Rfe1 a5 28. Re7 Rxf2+ 29. Kh3 Rf8 30. Rxg7 h5 31. Rb1 Rg4 32. Rxg4 hxg4+ 33. Kxg4 a4 34. Ra1 Rg8+ 35. Kf3 c6 36. Rxa4 Kd7 37. g4 Bc5 38. Rc4 Kd6 39. Ke2 b5 40. Re4 Kd5 41. Kd3 b4 42. Rf4 Rg5 43. Kc2 Bd4 44. Kb3 c5 45. Kc2 Kc4 46. Rf3 Rxg4 47. Rd3 Rg2+ 48. Rd2 b3+ 49. Kc1 b2+ 50. Kc2 Rxd2+ 51. Kb1 Rd1+ 52. Kc2 b1=Q# 0-1


[Site "https://www.chess.com"]

[Event "Titled Tuesday Blitz March 28 Late 2023"]
[White "Miszler, Levente"]
[Black "Garrido, Denis"]
[WhiteFideId "763276"]
[BlackFideId "601217"]
[WhiteElo "2176"]
[BlackElo "2285"]
[Result "1-0"]
[Round "04"]
[TimeControl "180+2"]
[Date "2023.03.28"]
[WhiteClock "0:00:29"]
[BlackClock "0:00:36"]

1. Nf3 d5 2. c4 e6 3. g3 Nf6 4. Bg2 Be7 5. O-O O-O 6. Qc2 c5 7. cxd5 Nxd5 8. a3 Nc6 9. d3 Bf6 10. Nc3 b6 11. Bd2 Bb7 12. Rac1 Rc8 13. Rfd1 Nde7 14. Ne4 Nf5 15. Nxf6+ Qxf6 16. e3 Rfd8 17. Bc3 Qe7 18. Qa4 a6 19. Qg4 g6 20. d4 cxd4 21. Nxd4 Ncxd4 22. Bxb7 Qxb7 23. exd4 Rd5 24. h4 h5 25. Qf4 Rcd8 26. b4 b5 27. Bb2 Nd6 28. Rc5 Nc4 29. Rc7 Qxc7 30. Qxc7 Nxb2 31. Rc1 Nc4 32. Qb7 R8d6 33. a4 Kg7 34. axb5 axb5 35. Ra1 Rb6 36. Qc7 Rxd4 37. Ra7 1-0


[Site "https://www.chess.com"]

[Event "Titled Tuesday Blitz March 28 Late 2023"]
[White "olga-belka"]
[Black "Gasparyan, David"]
[BlackFideId "13311980"]
[WhiteElo "2283"]
[BlackElo "2484"]
[Result "1-0"]
[Round "04"]
[TimeControl "180+2"]
[Date "2023.03.28"]
[WhiteClock "0:00:11"]
[BlackClock "0:00:05"]

1. e4 g6 2. d4 Bg7 3. Nc3 c5 4. d5 d6 5. Nf3 Nf6 6. Bd3 O-O 7. O-O e6 8. dxe6 Bxe6 9. Bg5 h6 10. Bh4 Nc6 11. Re1 Qa5 12. Qd2 Kh7 13. Rad1 Rad8 14. h3 Rd7 15. Qc1 Ne5 16. Nxe5 dxe5 17. a3 c4 18. Bf1 Rfd8 19. Nd5 Bxd5 20. exd5 Rxd5 21. Bxc4 Rd4 22. Bxf6 Bxf6 23. Bxf7 Bg5 24. Qb1 Rf4 25. Bb3 Rd2 26. Rxd2 Qxd2 27. Rf1 Be7 28. Qe1 Qd4 29. c3 Qc5 30. Qe2 Bh4 31. Bc2 a5 32. Qd3 e4 33. Qd7+ Kh8 34. Qd2 Rxf2 35. Qxh6+ Kg8 36. Bb3+ Rf7+ 37. Kh1 Bf2 38. Qxg6+ Kh8 39. Qxf7 Qg5 40. Rxf2 e3 41. Qf8+ Kh7 42. Rf7+ Kg6 43. Rg7+ Kh5 44. Rxg5+ Kxg5 45. g4 e2 46. Qf5+ Kh4 47. Qf2+ Kg5 48. Qxe2 b6 49. Kg2 b5 50. Kg3 a4 51. Qe5+ Kh6 52. Qf6+ Kh7 53. Bf7 b4 54. Qg6+ 1-0


[Site "https://www.chess.com"]

[Event "Titled Tuesday Blitz March 28 Late 2023"]
[White "Dubreuil, Julien"]
[Black "Kubatko, Ivan"]
[WhiteFideId "621285"]
[BlackFideId "24111473"]
[WhiteElo "2274"]
[BlackElo "2285"]
[Result "1-0"]
[Round "04"]
[TimeControl "180+2"]
[Date "2023.03.28"]
[WhiteClock "0:00:18"]
[BlackClock "0:00:06"]

1. e4 d5 2. exd5 Qxd5 3. Nc3 Qa5 4. Bc4 Nf6 5. d3 Bg4 6. f3 Bd7 7. Bd2 Qb6 8. Qe2 e6 9. O-O-O Nc6 10. g4 Nd4 11. Qg2 O-O-O 12. Nge2 Bc5 13. g5 Nh5 14. Ne4 Bc6 15. Nxd4 Bxd4 16. c3 Be3 17. Qg4 Nf4 18. Kc2 Kb8 19. Rhe1 Bxd2 20. Rxd2 Nd5 21. Rde2 Qa5 22. Kb1 Nb6 23. b4 Qa3 24. Bb3 Rxd3 25. Nc5 Rxc3 26. Qd4 Rxc5 27. Qxc5 Bd5 28. Re3 Na4 29. Qc1 Qxc1+ 30. Rxc1 Nb6 31. Bc2 Nc4 32. Rc3 Nd2+ 33. Kb2 Nxf3 34. Rf1 Nxg5 35. h4 Ne4 36. Bxe4 Bxe4 37. Rxf7 Bc6 38. b5 Bxb5 39. Rcxc7 Bc6 40. Rxg7 h5 41. Rce7 Bd5 42. Rh7 Rf8 43. Rxh5 Rf2+ 44. Kc3 a5 45. a4 Rf4 46. Rh8+ Ka7 47. h5 Rc4+ 48. Kd3 Rxa4 49. h6 Ra3+ 50. Kd4 Rh3 51. h7 1-0


[Site "https://www.chess.com"]

[Event "Titled Tuesday Blitz March 28 Late 2023"]
[White "Khandelwal, Ankush"]
[Black "Estremera Panos, Sergio"]
[WhiteFideId "413470"]
[BlackFideId "2200864"]
[WhiteElo "2263"]
[BlackElo "2253"]
[Result "1-0"]
[Round "04"]
[TimeControl "180+2"]
[Date "2023.03.28"]
[WhiteClock "0:00:44"]
[BlackClock "0:00:16"]

1. e4 c5 2. Nf3 Nc6 3. d4 cxd4 4. Nxd4 e5 5. Nb5 d6 6. c4 g6 7. N1c3 a6 8. Na3 Be6 9. Nc2 Bg7 10. Be2 Nf6 11. O-O O-O 12. Be3 Rb8 13. f3 Nh5 14. Nd5 b5 15. cxb5 axb5 16. Qd2 Nd4 17. Nxd4 Bxd5 18. Nxb5 Bc6 19. Nxd6 Nf4 20. Bc4 Qc7 21. Rfd1 Rbd8 22. Qb4 Rb8 23. Qc3 Bd7 24. Bxf7+ Rxf7 25. Qxc7 Re7 26. Qxb8+ 1-0


[Site "https://www.chess.com"]

[Event "Titled Tuesday Blitz March 28 Late 2023"]
[White "Prieto Aranguren, Alain"]
[Black "Manukian, Artak"]
[WhiteFideId "2268906"]
[BlackFideId "13301373"]
[WhiteElo "2209"]
[BlackElo "2130"]
[Result "0-1"]
[Round "04"]
[TimeControl "180+2"]
[Date "2023.03.28"]
[WhiteClock "0:00:04"]
[BlackClock "0:00:13"]

1. e4 c6 2. d4 d5 3. exd5 cxd5 4. Bd3 Nc6 5. Nf3 Bg4 6. c3 e6 7. O-O Bd6 8. Nbd2 Nf6 9. Re1 O-O 10. Qa4 a6 11. Ne5 Bh5 12. Nxc6 bxc6 13. Qxc6 Bxh2+ 14. Kxh2 Ng4+ 15. Kg1 Qh4 16. Nf3 Qxf2+ 17. Kh1 Qg3 18. Be3 Rab8 19. Rab1 Nxe3 20. Rxe3 Qf4 21. Rbe1 Rxb2 22. Bf1 Bxf3 23. Rxf3 Qh4+ 24. Kg1 Qxe1 25. Qxa6 Rc2 26. Qd3 Rxa2 27. Rh3 g6 28. Qf3 Ra1 29. Qf4 Qc1 30. Qf3 Rb8 31. Qf6 Rbb1 32. Rf3 Qxf1+ 33. Rxf1 Rxf1+ 34. Qxf1 Rxf1+ 35. Kxf1 f6 36. Kf2 e5 37. Ke3 Kf7 38. g4 Ke6 39. Kd3 Kd6 40. Kc2 e4 41. Kb3 f5 42. g5 f4 43. c4 dxc4+ 44. Kxc4 f3 0-1


[Site "https://www.chess.com"]

[Event "Titled Tuesday Blitz March 28 Late 2023"]
[White "Fajdetic, Hrvoje"]
[Black "WindWhistler11"]
[WhiteFideId "14501945"]
[WhiteElo "2185"]
[BlackElo "2460"]
[Result "0-1"]
[Round "04"]
[TimeControl "180+2"]
[Date "2023.03.28"]
[WhiteClock "0:00:01"]
[BlackClock "0:00:10"]

1. d4 Nf6 2. Bf4 d6 3. Nc3 Nbd7 4. Nf3 c5 5. d5 g6 6. e4 Bg7 7. Bb5 a6 8. Bxd7+ Nxd7 9. a4 O-O 10. O-O Nb6 11. h3 Nc4 12. Qe2 Nxb2 13. e5 Qa5 14. Bd2 Qb4 15. Rab1 Bf5 16. Nd1 Qc4 17. Qxc4 Nxc4 18. exd6 exd6 19. Rxb7 Be4 20. Bf4 Bxd5 21. Rb1 Bxf3 22. gxf3 Rfd8 23. Ne3 Nd2 24. Rfd1 Nxb1 25. Rxb1 Be5 26. Bg5 f6 27. Bh4 Rab8 28. Rd1 Rb2 29. Rd2 Bc3 30. Re2 Bd4 31. Nd5 Rf8 32. Kg2 Be5 33. f4 Bd4 34. Kf3 c4 35. c3 Rb3 36. Rc2 g5 37. Bg3 h6 38. Ke4 Bc5 39. Kf5 Kf7 40. Re2 Rb7 0-1


[Site "https://www.chess.com"]

[Event "Titled Tuesday Blitz March 28 Late 2023"]
[White "Kokoszczynski, Jan"]
[Black "FuenfgegenWilly"]
[WhiteFideId "1174460"]
[WhiteElo "2139"]
[BlackElo "2253"]
[Result "1-0"]
[Round "04"]
[TimeControl "180+2"]
[Date "2023.03.28"]
[WhiteClock "0:00:36"]
[BlackClock "0:00:08"]

1. c4 e5 2. Nc3 Nc6 3. Nf3 f5 4. d4 e4 5. Ng5 Bb4 6. h4 Nf6 7. g3 d5 8. e3 O-O 9. Qb3 Bxc3+ 10. Qxc3 h6 11. Nh3 Be6 12. Nf4 Bf7 13. h5 Kh7 14. Be2 a5 15. Bd2 Nb4 16. a3 dxc4 17. axb4 axb4 18. Qc1 Qe7 19. O-O b5 20. Kg2 Nd5 21. Nxd5 Bxd5 22. Rh1 Rxa1 23. Qxa1 Ra8 24. Qe1 b3 25. Bb4 Qd8 26. Ba3 c6 27. Qb4 Qa5 28. Qxa5 Rxa5 29. Rc1 Ra4 30. Bc5 Ra2 31. Ba3 Rxa3 32. bxa3 1-0


[Site "https://www.chess.com"]

[Event "Titled Tuesday Blitz March 28 Late 2023"]
[White "Mendez Machado, Andre"]
[Black "Senthilkumar, Pranav"]
[WhiteFideId "6603793"]
[BlackFideId "2083477"]
[WhiteElo "1984"]
[BlackElo "1860"]
[Result "1-0"]
[Round "04"]
[TimeControl "180+2"]
[Date "2023.03.28"]
[WhiteClock "0:00:12"]
[BlackClock "0:00:25"]

1. e4 c5 2. Nc3 e6 3. d4 cxd4 4. Qxd4 Nc6 5. Qe3 d6 6. b3 Nf6 7. Bb2 Be7 8. O-O-O O-O 9. Kb1 a6 10. f4 Nd7 11. Nf3 b5 12. Rg1 Bb7 13. g4 Qc7 14. Bd3 Nc5 15. g5 b4 16. Ne2 a5 17. f5 Ne5 18. f6 Bd8 19. fxg7 Kxg7 20. Nf4 a4 21. Nh5+ Kh8 22. Nf6 Bxf6 23. gxf6 Rg8 24. Nxe5 dxe5 25. Qh6 Rg6 26. Rxg6 fxg6 27. Bxe5 Qf7 28. h4 Bxe4 29. Bxe4 Nxe4 30. Rd7 Ra7 31. Rd8+ 1-0


[Site "https://www.chess.com"]

[Event "Titled Tuesday Blitz March 28 Late 2023"]
[White "Kozin, Yuri"]
[Black "Araujo, Everson De Moura"]
[WhiteFideId "4129920"]
[BlackFideId "22737197"]
[WhiteElo "2448"]
[BlackElo "2035"]
[Result "0-1"]
[Round "04"]
[TimeControl "180+2"]
[Date "2023.03.28"]
[WhiteClock "0:00:48"]
[BlackClock "0:00:34"]

1. e4 e6 2. d4 d5 3. Nd2 Nc6 4. Ngf3 Nf6 5. e5 Nd7 6. Be2 f6 7. exf6 Qxf6 8. Nf1 Bd6 9. Ne3 O-O 10. O-O Qg6 11. h3 Kh8 12. c4 Nf6 13. c5 Be7 14. Bd2 Ne4 15. b4 e5 16. Nxe5 Nxe5 17. dxe5 Bxh3 18. Bh5 Qg5 19. f4 Rxf4 20. Rxf4 Qxf4 21. gxh3 Qf2+ 22. Kh1 Ng3# 0-1


[Site "https://www.chess.com"]

[Event "Titled Tuesday Blitz March 28 Late 2023"]
[White "Bullen, Alex"]
[Black "Liu, Casper"]
[WhiteFideId "1801627"]
[BlackFideId "1454153"]
[WhiteElo "2088"]
[BlackElo "2221"]
[Result "1/2-1/2"]
[Round "04"]
[TimeControl "180+2"]
[Date "2023.03.28"]
[WhiteClock "0:00:19"]
[BlackClock "0:01:32"]

1. d4 Nc6 2. Nf3 g6 3. e4 Bg7 4. Be3 d5 5. e5 Bg4 6. h3 Bxf3 7. Qxf3 f6 8. exf6 Nxf6 9. Bb5 O-O 10. Bxc6 bxc6 11. Qe2 Ne4 12. Nd2 e5 13. Nxe4 dxe4 14. Rd1 exd4 15. Qc4+ Qd5 16. Qxd5+ cxd5 17. Bxd4 c6 18. O-O a5 19. c4 dxc4 20. Bxg7 Kxg7 21. Rfe1 Rab8 22. Rd2 Rfd8 23. Rxd8 Rxd8 24. Rxe4 Rd1+ 25. Kh2 Rd2 26. Rxc4 Rxf2 27. Ra4 Rf5 28. Kg3 Kf6 29. Rc4 Rg5+ 30. Kf2 c5 31. Ra4 Rf5+ 32. Kg3 Rg5+ 33. Kf3 Rf5+ 34. Ke2 Re5+ 35. Kf3 Rf5+ 36. Ke2 Re5+ 37. Kf3 Rf5+ 1/2-1/2


[Site "https://www.chess.com"]

[Event "Titled Tuesday Blitz March 28 Late 2023"]
[White "Minko, Dmitry"]
[Black "Mazzilli, Piero"]
[WhiteFideId "24188468"]
[BlackFideId "807087"]
[WhiteElo "2147"]
[BlackElo "2188"]
[Result "1-0"]
[Round "04"]
[TimeControl "180+2"]
[Date "2023.03.28"]
[WhiteClock "0:01:20"]
[BlackClock "0:00:10"]

1. e4 c5 2. Nf3 d6 3. d4 cxd4 4. Nxd4 Nf6 5. Nc3 a6 6. Be3 e6 7. f3 b5 8. Qd2 Bb7 9. O-O-O Nbd7 10. Kb1 b4 11. Nce2 d5 12. g4 dxe4 13. g5 exf3 14. Nf4 Ne4 15. Qe1 f2 16. Qe2 Rc8 17. g6 hxg6 18. Bg2 Nec5 19. Ndxe6 fxe6 20. Bxc5 Bxg2 21. Qxe6+ Be7 22. Qxg6+ Kf8 23. Ne6+ 1-0


[Site "https://www.chess.com"]

[Event "Titled Tuesday Blitz March 28 Late 2023"]
[White "Lopez Perdomo, Juan David"]
[Black "Fernandez Garcia, Gumersindo"]
[WhiteFideId "4405137"]
[BlackFideId "24516740"]
[WhiteElo "1965"]
[BlackElo "2093"]
[Result "1-0"]
[Round "04"]
[TimeControl "180+2"]
[Date "2023.03.28"]
[WhiteClock "0:01:15"]
[BlackClock "0:01:26"]

1. e4 c5 2. d4 cxd4 3. c3 dxc3 4. Nxc3 Nc6 5. Nf3 e6 6. Bc4 Qc7 7. O-O Nf6 8. Bg5 a6 9. Rc1 Be7 10. Qe2 Ng4 11. Nd5 exd5 12. exd5 O-O 13. dxc6 Bxg5 14. cxb7 Qe5 15. Nxe5 1-0


[Site "https://www.chess.com"]

[Event "Titled Tuesday Blitz March 28 Late 2023"]
[White "Li, Eric"]
[Black "Becerra, Juan David"]
[WhiteFideId "30939941"]
[BlackFideId "4404998"]
[WhiteElo "2262"]
[BlackElo "2282"]
[Result "1-0"]
[Round "04"]
[TimeControl "180+2"]
[Date "2023.03.28"]
[WhiteClock "0:00:39"]
[BlackClock "0:01:59"]

1. d4 d5 2. c4 e6 3. Nc3 c6 4. Nf3 f5 5. g3 Nf6 6. Bg2 Be7 7. O-O O-O 8. b3 Nbd7 9. Qc2 a5 10. Bf4 h6 11. h4 Ne4 12. Rfd1 g5 13. hxg5 hxg5 14. Be5 g4 15. Ne1 Nxe5 16. dxe5 Nxc3 17. Qxc3 Qe8 18. Nd3 Bd7 19. Nf4 Rf7 20. e3 Rh7 21. a3 Qf8 22. b4 axb4 23. axb4 Bxb4 24. Qb3 Rb8 25. cxd5 cxd5 26. Rab1 Bc5 27. Bxd5 exd5 28. Qxd5+ Kh8 29. Ng6+ Kg7 30. Nxf8 Bc6 31. Ne6+ Kg8 32. Qxc6 1-0


[Site "https://www.chess.com"]

[Event "Titled Tuesday Blitz March 28 Late 2023"]
[White "Adel, Sara"]
[Black "Fernandez, Maria Florencia"]
[WhiteFideId "10616764"]
[BlackFideId "116459"]
[WhiteElo "1982"]
[BlackElo "2155"]
[Result "0-1"]
[Round "04"]
[TimeControl "180+2"]
[Date "2023.03.28"]
[WhiteClock "0:00:40"]
[BlackClock "0:00:22"]

1. e4 c5 2. Nc3 Nc6 3. f4 g6 4. Nf3 Bg7 5. Bc4 e6 6. O-O Nge7 7. Qe1 O-O 8. d3 d5 9. Bb3 a6 10. a4 Nd4 11. Nxd4 cxd4 12. Ne2 dxe4 13. dxe4 d3 14. cxd3 Qxd3 15. Nc3 Nc6 16. Rf3 Qd4+ 17. Be3 Qb4 18. Qd1 Rd8 19. Qc2 Nd4 20. Bxd4 Bxd4+ 21. Kh1 b6 22. f5 exf5 23. Nd5 Qc5 24. Rc1 Qxc2 25. Rxc2 Be6 26. Ne7+ Kf8 27. exf5 Bxb3 28. Rc7 Be5 29. Nxg6+ hxg6 30. Rc1 Rd1+ 31. Rxd1 Bxd1 32. fxg6 Bxf3 0-1


[Site "https://www.chess.com"]

[Event "Titled Tuesday Blitz March 28 Late 2023"]
[White "Khatena, Moshe"]
[Black "Mazurkiewicz, Michal"]
[WhiteFideId "2010461"]
[BlackFideId "1124943"]
[WhiteElo "2172"]
[BlackElo "2054"]
[Result "0-1"]
[Round "04"]
[TimeControl "180+2"]
[Date "2023.03.28"]
[WhiteClock "0:00:08"]
[BlackClock "0:00:20"]

1. e4 d6 2. d4 Nf6 3. Nc3 c6 4. d5 cxd5 5. exd5 g6 6. g3 Bg7 7. Bg2 O-O 8. Nge2 a6 9. O-O b5 10. a3 Nbd7 11. Nd4 Bb7 12. Re1 Rc8 13. Bg5 h6 14. Bf4 Re8 15. Qd2 Kh7 16. Re2 Nb6 17. Nc6 Bxc6 18. dxc6 Nc4 19. Qc1 d5 20. b3 Nb6 21. c7 Qd7 22. Qd2 Nh5 23. Be3 d4 24. Rd1 e5 25. Qc1 Qxc7 26. Ne4 dxe3 27. Nd6 exf2+ 28. Rxf2 Rcd8 29. Nxe8 Rxe8 30. Rdf1 f5 31. g4 Nf4 32. gxf5 gxf5 33. Qe3 Rf8 34. Bf3 Nbd5 35. Qd2 e4 36. Bd1 e3 37. Rxf4 exd2 0-1


[Site "https://www.chess.com"]

[Event "Titled Tuesday Blitz March 28 Late 2023"]
[White "Dudzinski, Pawel"]
[Black "Kornyukov, Alexey"]
[WhiteFideId "1117890"]
[BlackFideId "4150457"]
[WhiteElo "2099"]
[BlackElo "2352"]
[Result "1-0"]
[Round "04"]
[TimeControl "180+2"]
[Date "2023.03.28"]
[WhiteClock "0:00:40"]
[BlackClock "0:00:01"]

1. e4 c5 2. Nc3 Nc6 3. g3 g6 4. Bg2 Bg7 5. d3 d6 6. Be3 Nf6 7. h3 O-O 8. f4 Rb8 9. Nge2 Nd7 10. d4 cxd4 11. Nxd4 Nxd4 12. Bxd4 Bxd4 13. Qxd4 Qb6 14. O-O-O Qxd4 15. Rxd4 Nf6 16. g4 b6 17. Bf3 Bb7 18. g5 Ne8 19. Nd5 Bxd5 20. exd5 Ng7 21. Bg4 Nf5 22. Bxf5 gxf5 23. Re1 Rfe8 24. Rc4 Rb7 25. Rc6 Kf8 26. Kd2 Rd7 27. c4 e5 28. fxe5 dxe5 29. Rf6 f4 30. Kd3 b5 31. b3 bxc4+ 32. bxc4 Rb7 33. d6 Rb2 34. c5 Rxa2 35. c6 e4+ 36. Kc4 Rc2+ 37. Kd5 Rd2+ 38. Kc5 Rc2+ 39. Kd4 Rxc6 40. Rxe4 1-0


[Site "https://www.chess.com"]

[Event "Titled Tuesday Blitz March 28 Late 2023"]
[White "Yeritsyan, Hayk"]
[Black "KSho99"]
[WhiteFideId "13307320"]
[WhiteElo "2439"]
[BlackElo "2158"]
[Result "1-0"]
[Round "04"]
[TimeControl "180+2"]
[Date "2023.03.28"]
[WhiteClock "0:01:06"]
[BlackClock "0:00:49"]

1. d4 d5 2. Nf3 Nf6 3. e3 e6 4. Bd3 Bd6 5. Nbd2 Nbd7 6. Qe2 O-O 7. e4 dxe4 8. Nxe4 Nxe4 9. Qxe4 Nf6 10. Qh4 h6 11. Bxh6 gxh6 12. Qxh6 e5 13. dxe5 Bxe5 14. Nxe5 Re8 15. Qg5+ Kf8 16. O-O-O 1-0


[Site "https://www.chess.com"]

[Event "Titled Tuesday Blitz March 28 Late 2023"]
[White "Toma, Katarzyna"]
[Black "Hoffmann, Asa"]
[WhiteFideId "1119907"]
[BlackFideId "2001470"]
[WhiteElo "2149"]
[BlackElo "2117"]
[Result "0-1"]
[Round "04"]
[TimeControl "180+2"]
[Date "2023.03.28"]
[WhiteClock "0:00:03"]
[BlackClock "0:01:42"]

1. e4 d6 2. d4 Nf6 3. Nc3 c6 4. Bc4 d5 5. exd5 cxd5 6. Bd3 Nc6 7. Nge2 Bg4 8. f3 Bh5 9. O-O e6 10. Qe1 Bd6 11. Nf4 Nxd4 12. Nxh5 Nxh5 13. Nb5 Nxb5 14. Bxb5+ Kf8 15. Bd3 Bf4 16. g3 Bxc1 17. Rxc1 Nf6 18. f4 Qd6 19. c4 h5 20. c5 Qc7 21. Qb4 Kg8 22. Rce1 h4 23. Re5 g6 24. Rg5 Rc8 25. Qd4 Qxc5 26. Qxc5 Rxc5 0-1


[Site "https://www.chess.com"]

[Event "Titled Tuesday Blitz March 28 Late 2023"]
[White "Molenda, Marcin"]
[Black "Djordjevic, Dejan N"]
[WhiteFideId "1173065"]
[BlackFideId "913316"]
[WhiteElo "2286"]
[BlackElo "2261"]
[Result "0-1"]
[Round "04"]
[TimeControl "180+2"]
[Date "2023.03.28"]
[WhiteClock "0:00:35"]
[BlackClock "0:00:05"]

1. Nf3 Nf6 2. g3 g6 3. Bg2 Bg7 4. O-O O-O 5. c4 d6 6. Nc3 Nc6 7. b3 e5 8. Bb2 h6 9. d3 a6 10. a3 Bd7 11. b4 Qc8 12. Re1 Nh7 13. Nd5 Qd8 14. d4 e4 15. Nh4 g5 16. Bxe4 gxh4 17. Kh1 hxg3 18. Rg1 Ng5 19. Bc2 gxf2 20. Rg3 f5 21. Nf4 Kh7 22. e3 Rf7 23. Qe2 Ne4 24. Bxe4 fxe4 25. Qxf2 Qf8 26. Rag1 Re8 27. Qg2 Bf5 28. Nh5 Bh8 29. Rg6 Ne7 30. Rg3 d5 31. c5 Ng8 32. Bc3 Nf6 33. Nf4 Rg7 34. Be1 Rxg3 35. Bxg3 Bg4 36. Qf2 Bf3+ 37. Ng2 Ng4 38. Qe1 Bf6 39. h3 Qg7 40. hxg4 Qxg4 41. Bxc7 Rg8 42. Qf2 Bh4 43. Qa2 Qh3+ 44. Bh2 Be1 45. a4 Bg3 0-1


[Site "https://www.chess.com"]

[Event "Titled Tuesday Blitz March 28 Late 2023"]
[White "Benevides Demasi, Joao Otavio"]
[Black "Ozdemir, Serhan Berat"]
[WhiteFideId "30916224"]
[BlackFideId "6374611"]
[WhiteElo "2118"]
[BlackElo "2015"]
[Result "0-1"]
[Round "04"]
[TimeControl "180+2"]
[Date "2023.03.28"]
[WhiteClock "0:00:13"]
[BlackClock "0:00:12"]

1. d3 Nf6 2. g3 d5 3. Bg2 e5 4. Nf3 Nc6 5. O-O Be7 6. c4 O-O 7. Nc3 d4 8. Na4 Bf5 9. c5 Qd7 10. Re1 Rfe8 11. b4 a6 12. Rb1 Bh3 13. Bh1 Be6 14. a3 Bd5 15. Nb2 e4 16. Ng5 e3 17. fxe3 Bxh1 18. Kxh1 Ng4 19. Nh3 dxe3 20. Rf1 Qd5+ 21. Kg1 Qh5 22. Kg2 Bf6 23. Nc4 Rad8 24. Rf3 Nd4 25. Rxe3 Qxh3+ 26. Kxh3 Nf2+ 27. Kg2 Nxd1 28. Rxe8+ Rxe8 29. e3 Nc2 30. e4 Bd4 31. Bf4 Nde3+ 32. Nxe3 Nxe3+ 33. Kf3 Nc2 34. a4 c6 35. b5 axb5 36. axb5 cxb5 37. Rxb5 Ne1+ 38. Ke2 Ng2 39. Rxb7 Nxf4+ 40. gxf4 Bxc5 41. Kf3 Bd4 42. Rb4 Bc5 43. Rc4 Be7 44. d4 g6 45. d5 Rd8 46. Ke3 Bh4 47. Kd4 Kg7 48. e5 Bf2+ 49. Ke4 Bg1 50. d6 Ra8 51. Rc7 Bxh2 52. e6 Kf6 53. exf7 Kg7 54. f8=Q+ Kxf8 55. Rxh7 Kg8 56. Rc7 Ra4+ 57. Kd5 Bxf4 58. Rc8+ Kf7 59. d7 Ra5+ 60. Kc6 Bg5 61. d8=Q Bxd8 62. Rxd8 Re5 63. Rd7+ Kf6 64. Rd6+ Kf5 65. Kd7 g5 66. Rd1 g4 67. Kd6 Re2 68. Kd5 Kf4 69. Kd4 Re8 70. Rf1+ Kg3 71. Kd3 Kh3 72. Kd2 g3 73. Kd3 g2 74. Rf7 g1=Q 75. Rh7+ Kg2 76. Rg7+ Kf1 77. Rxg1+ Kxg1 78. Kd4 Kf2 79. Kd5 Kf3 80. Kd4 Re4+ 81. Kd5 Kf4 82. Kd6 Kf5 83. Kd5 Re5+ 84. Kd4 Kf4 85. Kd3 Rd5+ 86. Kc4 Ke4 87. Kc3 Rc5+ 88. Kb4 Kd4 89. Kb3 Rb5+ 90. Kc2 Rb4 91. Kd2 Rb2+ 92. Ke1 Ke3 93. Kd1 Rd2+ 94. Kc1 Kd3 95. Kb1 Kc3 96. Kc1 Rd5 97. Kb1 Rd4 98. Kc1 Rd8 99. Kb1 Rd1+ 100. Ka2 Rc1 101. Ka3 Ra1# 0-1


[Site "https://www.chess.com"]

[Event "Titled Tuesday Blitz March 28 Late 2023"]
[White "reevecanada"]
[Black "Svicevic, Rastko"]
[BlackFideId "916315"]
[WhiteElo "2434"]
[BlackElo "2071"]
[Result "1-0"]
[Round "04"]
[TimeControl "180+2"]
[Date "2023.03.28"]
[WhiteClock "0:00:36"]
[BlackClock "0:00:01"]

1. e4 c6 2. c4 d5 3. cxd5 cxd5 4. exd5 Nf6 5. Nc3 Nxd5 6. Nf3 e6 7. Bb5+ Bd7 8. O-O Bxb5 9. Nxb5 Nc6 10. Nbd4 Nxd4 11. Nxd4 Bd6 12. Qg4 O-O 13. Kh1 Be5 14. Nf3 Bf6 15. d4 Qb6 16. Bg5 Rac8 17. Rac1 Qxb2 18. Rxc8 Rxc8 19. h4 Qxa2 20. h5 Bxg5 21. Qxg5 h6 22. Qg4 Nf6 23. Qh4 Qd5 24. Rb1 b6 25. Ne5 Qe4 26. Qxe4 Nxe4 27. Ra1 Rc7 28. Kg1 f6 29. Ng6 Kf7 30. f3 Nd6 31. Re1 Nf5 32. Rd1 Rd7 33. d5 Rxd5 34. Rc1 Rc5 35. Rd1 Rc7 36. Rd8 e5 37. g4 Nd4 38. f4 a5 39. f5 Ne6 40. Rb8 a4 41. fxe6+ Kxe6 42. Rxb6+ Kd5 43. Ra6 Rc4 44. Ne7+ Kc5 45. Rc6+ Kb5 46. Rd6 1-0


[Site "https://www.chess.com"]

[Event "Titled Tuesday Blitz March 28 Late 2023"]
[White "Melaugh, Shane"]
[Black "Manu_ChessExcelsior"]
[WhiteFideId "2509580"]
[WhiteElo "2034"]
[BlackElo "2102"]
[Result "0-1"]
[Round "04"]
[TimeControl "180+2"]
[Date "2023.03.28"]
[WhiteClock "0:01:15"]
[BlackClock "0:00:50"]

1. d4 d5 2. Bf4 c5 3. Nc3 a6 4. e3 Nc6 5. Nf3 cxd4 6. exd4 Bg4 7. Be2 e6 8. O-O Nf6 9. Ne5 Bf5 10. Qd2 Bd6 11. Nd1 O-O 12. Ne3 Bg6 13. c3 Qc7 14. Nxg6 hxg6 15. Bxd6 Qxd6 16. Bd3 b5 17. a3 Rab8 18. Qe2 Rfc8 19. Ng4 Nxg4 20. Qxg4 a5 21. Rfe1 b4 22. axb4 axb4 23. Bxg6 fxg6 24. Rxe6 Qd7 25. Rae1 bxc3 26. bxc3 Ne7 27. Qg5 Qxe6 28. Rf1 Qf6 29. Qg3 Rb3 30. Rc1 Qxd4 31. h3 Rbxc3 32. Re1 Rxg3 0-1


[Site "https://www.chess.com"]

[Event "Titled Tuesday Blitz March 28 Late 2023"]
[White "Matute Escobar, Roxanny"]
[Black "Gonzalez, Francisco Silva"]
[WhiteFideId "3926028"]
[BlackFideId "1512285"]
[WhiteElo "1732"]
[BlackElo "2074"]
[Result "0-1"]
[Round "04"]
[TimeControl "180+2"]
[Date "2023.03.28"]
[WhiteClock "0:00:41"]
[BlackClock "0:01:36"]

1. e4 e5 2. Nf3 Nc6 3. Bc4 Bc5 4. b4 Bb6 5. c3 d6 6. a4 a6 7. d3 Nf6 8. Nbd2 Ne7 9. Bb3 Ng6 10. O-O Ba7 11. d4 O-O 12. h3 h6 13. Re1 Re8 14. dxe5 Nxe5 15. Nxe5 Rxe5 16. Qf3 Qe7 17. Bc2 Bf5 18. Bb2 d5 19. c4 dxe4 20. Qe2 e3 21. c5 Bxc2 22. Bxe5 Qxe5 23. Nf3 Qe4 24. fxe3 Bd3 25. Qf2 a5 26. Rad1 axb4 27. Qg3 Bxc5 28. Ne5 Bd6 0-1


[Site "https://www.chess.com"]

[Event "Titled Tuesday Blitz March 28 Late 2023"]
[White "Przybylski, Wojciech"]
[Black "Oliveira, Tiago Batista"]
[WhiteFideId "1117599"]
[BlackFideId "2108291"]
[WhiteElo "2222"]
[BlackElo "1962"]
[Result "0-1"]
[Round "04"]
[TimeControl "180+2"]
[Date "2023.03.28"]
[WhiteClock "0:00:09"]
[BlackClock "0:00:16"]

1. Nf3 Nf6 2. c4 g6 3. Nc3 c5 4. g3 Bg7 5. Bg2 Nc6 6. O-O O-O 7. e3 d6 8. a3 Be6 9. d3 h6 10. Bd2 Qd7 11. Rb1 Bh3 12. b4 Bxg2 13. Kxg2 b6 14. e4 Ne8 15. Qc1 Kh7 16. Ne1 Nc7 17. f4 Ne6 18. Ne2 Ned4 19. Nxd4 Nxd4 20. Nf3 Rac8 21. Qd1 e6 22. Be3 Nxf3 23. Qxf3 f5 24. b5 Rcd8 25. g4 fxg4 26. Qxg4 d5 27. cxd5 exd5 28. Qxd7 Rxd7 29. h4 dxe4 30. dxe4 Rd3 31. Bc1 Rfd8 32. h5 gxh5 33. e5 h4 34. a4 Rg3+ 35. Kh2 Rdd3 36. Rb2 Rh3+ 37. Kg1 c4 38. Re2 Bf8 39. e6 Bc5+ 40. Rff2 Rhg3+ 41. Kf1 Rd1+ 42. Re1 Rxe1+ 43. Kxe1 Bxf2+ 44. Kxf2 Rg8 45. f5 c3 46. f6 Kg6 47. f7 Rc8 48. Kg2 Kf6 49. Ba3 c2 50. Kh3 Kxe6 51. Kxh4 Kxf7 52. Bc1 Rc4+ 53. Kh5 Rxa4 54. Bxh6 Ra1 55. Kg4 c1=Q 56. Bxc1 Rxc1 57. Kf5 Rb1 58. Ke4 Rxb5 59. Kd4 Rc5 60. Kd3 a5 61. Kd4 a4 62. Ke4 a3 63. Kd4 a2 0-1


[Site "https://www.chess.com"]